General information
			
			
        
        - name: tim
 
        - type: Custom game
 
        - host: Starshaped
 
        - saver: TIMG4STRok
 
        
map: PlunderIsle 
        - players: 2
 
        - length: 25:04
 
        - speed: Fast
 - version: 1.22 W3XP
 - replay type:  

 
» download(100 KB)
Players
        team 1 (winner) 
              
              
» 
Starshaped (
pink | 93 APM | 2328 actions | 25:04)
              
 5 Far Seer 
 3 Feral Spirit
 2 Chain Lighting
 5 Tauren Chieftain 
 3 War Stomp
 2 Endurance Aura
 
                » actions 
                
                | Assign group hotkey | 40 |  | 
| Basic commands | 43 |  | 
| Build / train | 79 |  | 
| ESC pressed | 1 |  | 
| Enter build submenu | 53 |  | 
| Enter hero's abilities submenu | 10 |  | 
| Give item / drop item | 2 |  | 
| Remove unit from queue | 1 |  | 
| Right click | 931 |  | 
| Select / deselect | 539 |  | 
| Select group hotkey | 485 |  | 
| Use ability | 144 |  | 
                2328 total
 » units 
                
                | Peon | 21 |  | 
| Grunt | 5 |  | 
| Troll Batrider | 12 |  | 
                38 total
 » upgrades
                
                | Spiked Barricades | 1 |  | 
| Reinforced Defenses | 1 |  | 
| Berserker Strength | 1 |  | 
| Liquid Fire | 1 |  | 
| Ranged Weapons | 3 |  | 
                7 total
 » buildings
                
                | Altar of Storms | 1 |  | 
| Orc Burrow | 8 |  | 
| Barracks | 1 |  | 
| Voodoo Lounge | 5 |  | 
| War Mill | 1 |  | 
| Stronghold | 1 |  | 
| Watch Tower | 15 |  | 
| Fortress | 1 |  | 
| Great Hall | 1 |  | 
| Beastiary | 3 |  | 
| Spirit Lodge | 2 |  | 
                39 total
 » build order
                00:08 Altar of Storms
00:19 Orc Burrow
00:34 Barracks
01:44 Orc Burrow
02:37 Voodoo Lounge
03:20 Orc Burrow
04:58 Voodoo Lounge
05:18 War Mill
05:24 Stronghold
06:28 Orc Burrow
06:35 Watch Tower
07:06 Watch Tower
07:41 Watch Tower
08:38 Watch Tower
09:02 Fortress
09:17 Watch Tower
09:18 Watch Tower
09:18 Watch Tower
09:40 Great Hall
09:47 Watch Tower
09:58 Watch Tower
10:49 Watch Tower
10:56 Watch Tower
10:56 Watch Tower
11:07 Watch Tower
11:44 Voodoo Lounge
12:29 Watch Tower
13:14 Watch Tower
13:57 Beastiary
14:00 Beastiary
14:07 Beastiary
14:58 Orc Burrow
15:02 Orc Burrow
19:48 Spirit Lodge
19:49 Spirit Lodge
22:08 Orc Burrow
22:09 Orc Burrow
22:59 Voodoo Lounge
23:40 Voodoo Lounge
» items
                
                | Healing Salve | 8 |  | 
| Lesser Clarity Potion | 3 |  | 
| Scroll of Speed | 1 |  | 
| Scroll of Town Portal | 5 |  | 
| Orb of Lightning | 1 |  | 
                18 total
  
               team 2 (loser) 
              
              
» 
TIMG4STRok (
gray | 141 APM | 3543 actions | 25:04)
              
 4 Death Knight 
 2 Death Coil
 2 Unholy Aura
 4 Lich 
 2 Frost Nova
 2 Frost Armor
 
                » actions 
                
                | Assign group hotkey | 36 |  | 
| Basic commands | 114 |  | 
| Build / train | 75 |  | 
| ESC pressed | 7 |  | 
| Enter build submenu | 23 |  | 
| Enter hero's abilities submenu | 8 |  | 
| Give item / drop item | 5 |  | 
| Right click | 1741 |  | 
| Select / deselect | 293 |  | 
| Select group hotkey | 1147 |  | 
| Use ability | 94 |  | 
                3543 total
 » units 
                
                | Acolyte | 18 |  | 
| Ghoul | 13 |  | 
| Frost Wyrm | 5 |  | 
| Crypt Fiend | 2 |  | 
                38 total
 » upgrades
                
                | Creature Carapace | 2 |  | 
| Creature Attack | 1 |  | 
| Freezing Breath | 1 |  | 
| Ghoul Frenzy | 1 |  | 
| Web | 1 |  | 
                6 total
 » buildings
                
                | Crypt | 1 |  | 
| Altar of Darkness | 1 |  | 
| Ziggurat | 4 |  | 
| Tomb of Relics | 1 |  | 
| Nerubian Tower | 1 |  | 
| Necropolis | 7 |  | 
| Halls of the Dead | 1 |  | 
| Graveyard | 1 |  | 
| Black Citadel | 1 |  | 
| Slaughterhouse | 1 |  | 
| Sacrificial Pit | 1 |  | 
| Boneyard | 2 |  | 
| Spirit Tower | 2 |  | 
                24 total
 » build order
                00:11 Crypt
00:13 Altar of Darkness
00:41 Ziggurat
01:02 Tomb of Relics
01:52 Ziggurat
02:03 Nerubian Tower
02:15 Necropolis
04:20 Halls of the Dead
05:19 Ziggurat
06:27 Graveyard
06:45 Black Citadel
08:38 Slaughterhouse
08:42 Sacrificial Pit
09:38 Boneyard
09:39 Boneyard
10:45 Ziggurat
12:07 Necropolis
16:32 Necropolis
17:27 Necropolis
17:40 Spirit Tower
19:16 Spirit Tower
22:09 Necropolis
22:50 Necropolis
22:51 Necropolis
» items
                
                | Rod of Necromancy | 5 |  | 
| Dust of Appearance | 1 |  | 
| Scroll of Town Portal | 3 |  | 
| Potion of Healing | 1 |  | 
| Orb of Corruption | 1 |  | 
| Potion of Mana | 1 |  | 
                12 total
  
                Chat log
          (00:07 / All) TIMG4STRok: UGH
(00:09 / All) TIMG4STRok: gg gl
(00:12 / All) Starshaped: same :(((
(00:25 / All) Starshaped: man
(00:26 / All) TIMG4STRok: would be funny if it was a mirror
(00:34 / All) TIMG4STRok: because that would be pretty gay and i'd contemplate leaving.
(00:35 / All) Starshaped: not rly
(00:45 / All) Starshaped: im cotemplating leaving right now
(00:47 / All) TIMG4STRok: lmao
(00:50 / All) Starshaped: orc twice in a row
(00:52 / All) Starshaped: is no thx
(00:56 / All) TIMG4STRok: gg you win then,
(01:03 / All) Starshaped: ?
(01:04 / All) TIMG4STRok: ud
(01:08 / All) Starshaped: lol
(01:10 / All) Starshaped: dunno
(01:17 / All) Starshaped: who has map advantage?
(01:25 / All) TIMG4STRok: doesn't matter i never play ud
(01:29 / All) TIMG4STRok: alreayd fucked up lmao
(01:33 / All) Starshaped: i never play any race in solo
(01:34 / All) Starshaped: cept hu
(01:41 / All) TIMG4STRok: i mean, i never play undead period
(01:44 / All) TIMG4STRok: only when i random them
(01:46 / All) Starshaped: oh lol
(01:48 / All) Starshaped: same
(01:52 / All) Starshaped: cuz im 90% random
(01:53 / All) Starshaped: so -.-
(01:55 / All) TIMG4STRok: ya
(05:50 / All) TIMG4STRok: no
(05:51 / All) TIMG4STRok: fuckion
(05:52 / All) TIMG4STRok: way
(06:23 / All) Starshaped: weak
(08:10 / All) Starshaped: so gay tt
(16:55 / All) Starshaped: lol
(16:59 / All) Starshaped: what happened to ur base?
(17:05 / All) TIMG4STRok: built it like that
(17:10 / All) TIMG4STRok: thought you'd try tor aider my main
(17:16 / All) Starshaped: oh
(23:49 / All) TIMG4STRok: ud is gay and so are towers and bats and this game
(23:55 / All) Starshaped: )
(24:09 / All) Starshaped: only did it cuz i couldnt get my expo up fast enough
(24:16 / All) Starshaped: ur ghey harassment made me do ti :((
(25:03 / All) TIMG4STRok: gg